PCL
TEXARKANA BEARS @ ALBUQUERQUE ISOTOPES
05/10/2028
 
TOP OF THE 1ST
Texarkana Bears batting - Pitching for Albuquerque Isotopes : LHP Sean Perry
Pitching: LHP Sean Perry
Batting: RHB Steve Garneys 0-0: Ball
1-0: Ball
2-0: SINGLE (Groundball, 56S) (infield hit)
Batting: RHB Michael Barraclough 0-0: Ball
Steve Garneys steals 2nd base
1-0: Ball
2-0: Called Strike
2-1: Ball
3-1: Called Strike
3-2: Foul Ball, location: 2F
3-2: SINGLE (Line Drive, 89S)
Steve Garneys to third
Batting: RHB Juan Rico 0-0: Ball
1-0: Called Strike
1-1: Grounds into double play, 4-6-3 (Groundball, 4)
Steve Garneys scores
Batting: RHB Arturo Rodríguez 0-0: Foul Ball, location: 2F
0-1: Foul Ball, location: 2F
0-2: Ball
1-2: Strikes out looking
Top of the 1st over - 1 run(s), 2 hit(s), 0 error(s), 0 left on base; Texarkana 1 - Albuquerque 0
BOTTOM OF THE 1ST
Albuquerque Isotopes batting - Pitching for Texarkana Bears : RHP Enrique Valdés
Pitching: RHP Enrique Valdés
Batting: RHB Gonzalo Gil 0-0: Called Strike
0-1: Ball
1-1: Fly out, F9 (Flyball, 9LSF)
Batting: SHB Clint Woods 0-0: SINGLE (Line Drive, 89S)
Batting: RHB Nick Harris 0-0: Ball
1-0: Called Strike
1-1: Ball
2-1: Foul Ball, location: 2F
2-2: Fielders Choice at 2nd, 6-4 (Groundball, 6M)
Batting: RHB Will Lott 0-0: Ball
1-0: Ball
2-0: Swinging Strike
2-1: Foul Ball, location: 2F
2-2: Ball
3-2: Ground out 5-3 (Groundball, 56)
Bottom of the 1st over - 0 run(s), 1 hit(s), 0 error(s), 1 left on base; Texarkana 1 - Albuquerque 0
TOP OF THE 2ND
Texarkana Bears batting - Pitching for Albuquerque Isotopes : LHP Sean Perry
Batting: LHB Sam Barnes 0-0: Ball
1-0: Ball
2-0: Ball
3-0: Called Strike
3-1: Base on Balls
Batting: RHB Gilberto López 0-0: Ball
1-0: Ball
2-0: Foul Ball, location: 2F
2-1: Fielders Choice at 2nd, 4-6 (Groundball, 34)
Batting: LHB Tom Mullins 0-0: Ball
1-0: Ball
2-0: Swinging Strike
2-1: Foul Ball, location: 2F
2-2: Foul Ball, location: 2F
2-2: Foul Ball, location: 2F
2-2: Strikes out swinging
Batting: LHB Alberto Medine 0-0: Ball
1-0: Ball
2-0: Called Strike
2-1: Hit by Pitch
Gilberto López to second
Batting: RHB Billy Campbell 0-0: Called Strike
0-1: Foul Ball, location: 2F
0-2: Strikes out swinging
Top of the 2nd over - 0 run(s), 0 hit(s), 0 error(s), 2 left on base; Texarkana 1 - Albuquerque 0
BOTTOM OF THE 2ND
Albuquerque Isotopes batting - Pitching for Texarkana Bears : RHP Enrique Valdés
Batting: LHB Bernardo Montés 0-0: Ball
1-0: SINGLE (Groundball, 3D)
Batting: LHB Fernando Ortíz 0-0: Ball
1-0: Ball
2-0: Ball
3-0: Called Strike
3-1: Base on Balls
Bernardo Montés to second
Batting: LHB José González 0-0: Foul Ball, location: 2F
0-1: Swinging Strike
0-2: Strikes out swinging
Batting: RHB Sam Wallace 0-0: Grounds into double play, 4-6-3 (Groundball, 4)
Bottom of the 2nd over - 0 run(s), 1 hit(s), 0 error(s), 1 left on base; Texarkana 1 - Albuquerque 0
TOP OF THE 3RD
Texarkana Bears batting - Pitching for Albuquerque Isotopes : LHP Sean Perry
Batting: RHB Steve Garneys 0-0: Foul Ball, location: 2F
0-1: Swinging Strike
0-2: Ball
1-2: Fly out, F8 (Flyball, 8RM)
Batting: RHB Michael Barraclough 0-0: Called Strike
0-1: Foul Ball, location: 2F
0-2: Strikes out swinging
Batting: RHB Juan Rico 0-0: Swinging Strike
0-1: Ground out 3-1 (Groundball, 23)
Top of the 3rd over - 0 run(s), 0 hit(s), 0 error(s), 0 left on base; Texarkana 1 - Albuquerque 0
BOTTOM OF THE 3RD
Albuquerque Isotopes batting - Pitching for Texarkana Bears : RHP Enrique Valdés
Batting: RHB Dave Mullen 0-0: Called Strike
0-1: Foul Ball, location: 2F
0-2: Foul Ball, location: 2F
0-2: Ball
1-2: Foul Ball, location: 2F
1-2: Ground out 1-3 (Groundball, 13)
Batting: RHB Gonzalo Gil 0-0: Called Strike
0-1: Foul Ball, location: 2F
0-2: Foul Ball, location: 2F
0-2: Foul Ball, location: 2F
0-2: Foul Ball, location: 2F
0-2: Foul Ball, location: 2F
0-2: Foul Ball, location: 2F
0-2: Ball
1-2: Foul Ball, location: 2F
1-2: Foul Ball, location: 2F
1-2: Fly out, F9 (Flyball, 89M)
Batting: SHB Clint Woods 0-0: Ball
1-0: Called Strike
1-1: Foul Ball, location: 2F
1-2: Ball
2-2: Strikes out swinging
Bottom of the 3rd over - 0 run(s), 0 hit(s), 0 error(s), 0 left on base; Texarkana 1 - Albuquerque 0
TOP OF THE 4TH
Texarkana Bears batting - Pitching for Albuquerque Isotopes : LHP Sean Perry
Batting: RHB Arturo Rodríguez 0-0: Called Strike
0-1: Ball
1-1: Called Strike
1-2: Foul Ball, location: 2F
1-2: SINGLE (Groundball, 6D)
Batting: LHB Sam Barnes 0-0: Called Strike
0-1: Foul Ball, location: 2F
0-2: Ball
1-2: Ball
2-2: Ball
3-2: Foul Ball, location: 2F
3-2: Base on Balls
Arturo Rodríguez to second
Batting: RHB Gilberto López 0-0: Ball
1-0: Called Strike
1-1: Foul Ball, location: 2F
1-2: Ball
2-2: Grounds into double play, 6-4-3 (Groundball, 6)
Arturo Rodríguez to third
Batting: LHB Tom Mullins 0-0: Foul Ball, location: 2F
0-1: Foul Ball, location: 2F
0-2: Foul Ball, location: 2F
0-2: Foul Ball, location: 2F
0-2: Ball
Wild Pitch!
Arturo Rodríguez scores
1-2: Ball
2-2: Foul Ball, location: 2F
2-2: Ball
3-2: SINGLE (Groundball, 56D)
Batting: LHB Alberto Medine 0-0: Called Strike
0-1: Ball
1-1: Called Strike
1-2: SINGLE (Groundball, 4D)
Tom Mullins to second
Runner from 2nd tries for 3rd, SAFE, throw made to third
Batting: RHB Billy Campbell 0-0: Ball
1-0: Ball
2-0: Ball
3-0: Called Strike
3-1: SINGLE (Line Drive, 7LS)
Tom Mullins scores
Alberto Medine to second
Batting: RHB Steve Garneys 0-0: Ball
1-0: Called Strike
1-1: Fielders Choice at 2nd, U4 (Groundball, 4M)
Top of the 4th over - 2 run(s), 4 hit(s), 0 error(s), 2 left on base; Texarkana 3 - Albuquerque 0
BOTTOM OF THE 4TH
Albuquerque Isotopes batting - Pitching for Texarkana Bears : RHP Enrique Valdés
Batting: RHB Nick Harris 0-0: Ball
1-0: Called Strike
1-1: Foul Ball, location: 2F
1-2: Foul Ball, location: 2F
1-2: Ground out 6-3 (Groundball, 6)
Batting: RHB Will Lott 0-0: Ball
1-0: Called Strike
1-1: SINGLE (Groundball, 34D)
Batting: LHB Bernardo Montés 0-0: Swinging Strike
0-1: Called Strike
0-2: Strikes out swinging
Batting: LHB Fernando Ortíz 0-0: Ball
1-0: Ball
2-0: Called Strike
2-1: Ball
3-1: Foul Ball, location: 2F
3-2: Base on Balls
Will Lott to second
Batting: LHB José González 0-0: Called Strike
0-1: Called Strike
0-2: Ball
1-2: Foul Ball, location: 2F
1-2: Ground out U3 (Groundball, 34)
Bottom of the 4th over - 0 run(s), 1 hit(s), 0 error(s), 2 left on base; Texarkana 3 - Albuquerque 0
TOP OF THE 5TH
Texarkana Bears batting - Pitching for Albuquerque Isotopes : LHP Sean Perry
Batting: RHB Michael Barraclough 0-0: Ball
1-0: Foul Ball, location: 2F
1-1: Swinging Strike
1-2: Ball
2-2: Foul Ball, location: 2F
2-2: Ball
3-2: Strikes out looking
Batting: RHB Juan Rico 0-0: Ball
1-0: Ball
2-0: Ball
3-0: Called Strike
3-1: Ground out 6-3 (Groundball, 6S)
Batting: RHB Arturo Rodríguez 0-0: Called Strike
0-1: Foul Ball, location: 2F
0-2: Strikes out swinging
Top of the 5th over - 0 run(s), 0 hit(s), 0 error(s), 0 left on base; Texarkana 3 - Albuquerque 0
BOTTOM OF THE 5TH
Albuquerque Isotopes batting - Pitching for Texarkana Bears : RHP Enrique Valdés
Batting: RHB Sam Wallace 0-0: Ball
1-0: Ball
2-0: Called Strike
2-1: Ball
3-1: Base on Balls
Batting: RHB Dave Mullen 0-0: Ball
1-0: Foul Ball, location: 2F
1-1: Swinging Strike
1-2: Ball
2-2: Strikes out swinging
Batting: RHB Gonzalo Gil 0-0: Ball
1-0: Ball
2-0: Ball
3-0: Called Strike
3-1: Foul Ball, location: 2F
3-2: Strikes out swinging
Batting: SHB Clint Woods 0-0: Ball
1-0: Foul Ball, location: 2F
1-1: Ball
2-1: Fly out, F8 (Flyball, 8LM)
Bottom of the 5th over - 0 run(s), 0 hit(s), 0 error(s), 1 left on base; Texarkana 3 - Albuquerque 0
TOP OF THE 6TH
Texarkana Bears batting - Pitching for Albuquerque Isotopes : LHP Sean Perry
Pitching: RHP Shiki Kanno
Batting: LHB Sam Barnes 0-0: Called Strike
0-1: Ground out 5-3 (Groundball, 56)
Batting: RHB Gilberto López 0-0: Foul Ball, location: 2F
0-1: Ball
1-1: Foul Ball, location: 2F
1-2: Foul Ball, location: 2F
1-2: Ball
2-2: SINGLE (Line Drive, 4MD)
Batting: LHB Tom Mullins 0-0: Ball
1-0: SINGLE (Flyball, 89S)
Gilberto López to second
Runner from 2nd tries for 3rd, SAFE, throw made to third
Batting: LHB Alberto Medine 0-0: Ball
1-0: Swinging Strike
1-1: Swinging Strike
1-2: Strikes out swinging
Batting: RHB Billy Campbell 0-0: Swinging Strike
0-1: Ball
1-1: Ball
2-1: Ball
3-1: Foul Ball, location: 2F
3-2: Base on Balls
Tom Mullins to second
Batting: RHB Steve Garneys 0-0: Fielders Choice at 2nd, 5-4 (Groundball, 56)
Top of the 6th over - 0 run(s), 2 hit(s), 0 error(s), 2 left on base; Texarkana 3 - Albuquerque 0
BOTTOM OF THE 6TH
Albuquerque Isotopes batting - Pitching for Texarkana Bears : RHP Enrique Valdés
Batting: RHB Nick Harris 0-0: Swinging Strike
0-1: Foul Ball, location: 2F
0-2: Ball
1-2: SINGLE (Line Drive, 6MD)
Batting: RHB Will Lott 0-0: Ball
Nick Harris steals 2nd base
1-0: Swinging Strike
1-1: Fly out, F4 (Popup, 34D)
Batting: LHB Bernardo Montés 0-0: Ball
1-0: Ball
2-0: Called Strike
2-1: Swinging Strike
2-2: Fly out, F9 (Flyball, 9S)
Pitching: RHP Ángelo Gusmán
Batting: LHB Fernando Ortíz 0-0: Called Strike
0-1: Swinging Strike
0-2: SINGLE (Groundball, 34S) (infield hit)
Nick Harris to third
Batting: LHB José González 0-0: Called Strike
0-1: Foul Ball, location: 2F
0-2: Ball
1-2: Ball
2-2: Foul Ball, location: 2F
2-2: Ball
Fernando Ortíz steals 2nd base
3-2: Base on Balls
Batting: RHB Sam Wallace 0-0: Called Strike
0-1: Ball
1-1: Ball
2-1: Ball
3-1: Base on Balls
Nick Harris scores
Fernando Ortíz to third
José González to second
Batting: RHB Dave Mullen 0-0: Called Strike
0-1: Foul Ball, location: 2F
0-2: Strikes out swinging
Bottom of the 6th over - 1 run(s), 2 hit(s), 0 error(s), 3 left on base; Texarkana 3 - Albuquerque 1
TOP OF THE 7TH
Texarkana Bears batting - Pitching for Albuquerque Isotopes : RHP Shiki Kanno
Batting: RHB Michael Barraclough 0-0: Ball
1-0: Called Strike
1-1: Fly out, F8 (Flyball, 8RM)
Batting: RHB Juan Rico 0-0: Ball
1-0: Ball
2-0: Called Strike
2-1: Ground out 4-3 (Groundball, 4)
Batting: RHB Arturo Rodríguez 0-0: Ball
1-0: Foul Ball, location: 2F
1-1: Called Strike
1-2: Ball
2-2: Strikes out swinging
Top of the 7th over - 0 run(s), 0 hit(s), 0 error(s), 0 left on base; Texarkana 3 - Albuquerque 1
BOTTOM OF THE 7TH
Albuquerque Isotopes batting - Pitching for Texarkana Bears : RHP Ángelo Gusmán
Batting: RHB Gonzalo Gil 0-0: Foul Ball, location: 2F
0-1: Swinging Strike
0-2: Strikes out swinging
Batting: SHB Clint Woods 0-0: Ball
1-0: Foul Ball, location: 2F
1-1: Ball
2-1: DOUBLE (Line Drive, 8LXD)
Batting: RHB Nick Harris 0-0: Ball
1-0: Ball
2-0: Ball
3-0: Base on Balls
Batting: RHB Will Lott 0-0: Swinging Strike
0-1: Ball
1-1: Ball
2-1: Ball
3-1: Called Strike
3-2: Foul Ball, location: 2F
3-2: Strikes out swinging
Batting: LHB Bernardo Montés 0-0: Ball
1-0: Foul Ball, location: 2F
1-1: 3-RUN HOME RUN (Flyball, 9D), Distance : 389 ft
Pitching: RHP Asher Zasko
Batting: LHB Fernando Ortíz 0-0: Called Strike
0-1: Ball
1-1: Ball
2-1: Ball
3-1: Foul Ball, location: 2F
3-2: Fly out, F4 (Line Drive, 4M)
Bottom of the 7th over - 3 run(s), 2 hit(s), 0 error(s), 0 left on base; Texarkana 3 - Albuquerque 4
TOP OF THE 8TH
Texarkana Bears batting - Pitching for Albuquerque Isotopes : RHP Shiki Kanno
Now at 1B: Jesse McKnight
Now in LF: A.J. Major
Batting: LHB Sam Barnes 0-0: Ball
1-0: Ground out U3 (Groundball, 34)
Pitching: RHP Xavier Castańera
Batting: RHB Gilberto López 0-0: Foul Ball, location: 2F
0-1: Swinging Strike
0-2: Ball
1-2: Fly out, F7 (Line Drive, 7D)
Batting: LHB Tom Mullins 0-0: Swinging Strike
0-1: Swinging Strike
0-2: Strikes out swinging, 2-3 out at first.
Top of the 8th over - 0 run(s), 0 hit(s), 0 error(s), 0 left on base; Texarkana 3 - Albuquerque 4
BOTTOM OF THE 8TH
Albuquerque Isotopes batting - Pitching for Texarkana Bears : RHP Asher Zasko
Batting: LHB José González 0-0: Ball
1-0: Ball
2-0: SINGLE (Line Drive, 9LS)
Batting: RHB Sam Wallace 0-0: Sac Bunt - play at first, batter OUT! 1-4
José González to second
Pinch Hitting: RHB Juan Vareas 0-0: Foul Ball, location: 2F
0-1: Foul Ball, location: 2F
0-2: Ball
1-2: SINGLE (Line Drive, 89S)
José González to third
Batting: RHB Gonzalo Gil 0-0: Called Strike
0-1: Ball
1-1: Ball
2-1: Fly out, F5 (Popup, 5S)
Batting: SHB Clint Woods 0-0: Called Strike
0-1: Foul Ball, location: 2F
0-2: Ball
1-2: Fielders Choice at 2nd, 4-6 (Groundball, 34)
Bottom of the 8th over - 0 run(s), 2 hit(s), 0 error(s), 1 left on base; Texarkana 3 - Albuquerque 4
TOP OF THE 9TH
Texarkana Bears batting - Pitching for Albuquerque Isotopes : RHP Xavier Castańera
Pitching: LHP Austin Wall
Now at 2B: Raúl Bauza
Now at SS: Luis Martínez
Pinch Hitting: RHB Keith Ford 0-0: Ball
1-0: Ball
2-0: SINGLE (Line Drive, 89S)
Pinch Runner at 1st Guy Moss:
Batting: RHB Billy Campbell 0-0: Ball
1-0: Called Strike
1-1: Ball
2-1: SINGLE (Groundball, 56D)
Guy Moss to second
Pinch Hitting: RHB Lu-fang Huie 0-0: Fielders Choice at 2nd, 4-6 (Groundball, 4M)
Guy Moss to third
Batting: RHB Michael Barraclough 0-0: Called Strike
0-1: Ball
1-1: DOUBLE (Line Drive, 89XD)
Guy Moss scores
Lu-fang Huie to third
Runner from 3rd tries for Home, throw and OUT!
Michael Barraclough to third
Batting: RHB Juan Rico 0-0: Ball
1-0: Ball
2-0: Swinging Strike
2-1: Foul Ball, location: 2F
2-2: Foul Ball, location: 2F
2-2: Foul Ball, location: 2F
2-2: Ball
3-2: Foul Ball, location: 2F
3-2: Foul Ball, location: 2F
3-2: Foul Ball, location: 2F
3-2: Foul Ball, location: 2F
3-2: Foul Ball, location: 2F
3-2: Base on Balls
Pinch Hitting: RHB Tony Reyes 0-0: Swinging Strike
0-1: Ground out 1-3 (Groundball, P)
Top of the 9th over - 1 run(s), 3 hit(s), 0 error(s), 2 left on base; Texarkana 4 - Albuquerque 4
BOTTOM OF THE 9TH
Albuquerque Isotopes batting - Pitching for Texarkana Bears : RHP Asher Zasko
Now at C: Tony Reyes
Now at 3B: Guy Moss
Now at SS: Kun Liu
Batting: RHB Nick Harris 0-0: Foul Ball, location: 2F
0-1: Reached on error, E4 (Groundball, 4)
Pinch Hitting: LHB Juan Carlos Sánchez 0-0: Intentional Walk
Pinch Hitting: LHB Héctor Soto 0-0: Swinging Strike
0-1: SINGLE (Groundball, 3S) (infield hit)
Nick Harris to third
Juan Carlos Sánchez to second
Batting: LHB Fernando Ortíz 0-0: Ball
1-0: Called Strike
1-1: Swinging Strike
1-2: Foul Ball, location: 2F
1-2: SINGLE (Line Drive, 4D)
Nick Harris scores
Tuesday, August 8th, 2017 - OOTP Baseball 17.12 Build 75